 Dungeon Crawl Stone Soup version 0.25-a0-613-gf4b266557c (webtiles) character file.

Game seed: 2687090168696145361, levelgen mode: deterministic

11 Envy91 the Shield-Bearer (level 2, 0/24 HPs)
             Began as a Human Fighter on Mar 17, 2020.
             Was an Initiate of Okawaru.
             Slain by a gnoll
             ... wielding a +0 spear
              (2 damage)
             ... on level 2 of the Dungeon.
             The game lasted 00:17:37 (409 turns).

Envy91 the Shield-Bearer (Human Fighter)             Turns: 409, Time: 00:17:38

Health: 0/24       AC:  6    Str: 16    XL:     2   Next: 40%
Magic:  2/2        EV:  6    Int:  8    God:    Okawaru [......]
Gold:   36         SH:  9    Dex: 12    Spells: 1/1 levels left

rFire    . . .     SeeInvis .   a - +0 long sword
rCold    . . .     Gourm    .   c - +0 kite shield
rNeg     . . .     Faith    .   b - +0 scale mail
rPois    .         Spirit   .   (no helmet)
rElec    .         Reflect  .   (no cloak)
rCorr    .         Harm     .   (no gloves)
MR       .....                  (no boots)
Stlth    ..........             (no amulet)
HPRegen  0.08/turn              (no ring)
MPRegen  0.08/turn              (no ring)

@: no status effects
A: no striking features
a: Renounce Religion


You were on level 2 of the Dungeon.
You worshipped Okawaru.
Okawaru was noncommittal.
You were full.

You visited 1 branch of the dungeon, and saw 3 of its levels.

You collected 36 gold pieces.

Inventory:

Hand Weapons
 a - a +0 long sword (weapon)
 e - a +0 dagger
 k - a +0 club
Missiles
 g - 13 arrows
 h - 62 stones (quivered)
Armour
 b - a +0 scale mail (worn)
 c - a +0 kite shield (worn)
Comestibles
 f - 2 rations


   Skills:
 + Level 3.1 Fighting
 + Level 2.2 Long Blades
 + Level 3.1 Armour
 + Level 3.2 Shields


You had one spell level left.
You didn't know any spells.
Your spell library was empty.

Dungeon Overview and Level Annotations

Branches:
Dungeon (3/15)

Altars:
Okawaru


Message History

You can't go down here!
The gnoll hits you but does no damage. You block the gnoll's attack.
Found an iron altar of Okawaru.
There is an iron altar of Okawaru here.
Press: ? - help, v - describe, . - travel The floor.
There are monsters nearby!
You kneel at the altar of Okawaru.
Okawaru welcomes you!
The jackal bites you but does no damage. x2
The jackal barely misses you. The jackal barely misses you.
The gnoll hits you but does no damage. You block the jackal's attack.
You block the gnoll's attack.
You hit the gnoll but do no damage. The jackal bites you.
* * * LOW HITPOINT WARNING * * *
The gnoll hits you with a +0 spear.
* * * LOW HITPOINT WARNING * * *
The gnoll hits you from afar with a +0 spear.
You die...

#.... #..## #..##
###################
#..................
#..#...#...#...#...
#_.................
#hg#...#...#...#...
#.@gg..............
###################
# #### #... #.##
#... #### #


You could see 3 gnolls and a jackal.

Vanquished Creatures
  A bat (D:2)
  A giant cockroach (D:2)
  A goblin (D:1)
  2 hobgoblins
  A jackal (D:2)
  A quokka (D:2)
  2 kobolds (D:2)
  A rat (D:2)
10 creatures vanquished.

Notes
Turn   | Place    | Note
-------+----------+-------------------------------------------
     0 | D:1      | Envy91 the Human Fighter began the quest for the Orb.
     0 | D:1      | Reached XP level 1. HP: 18/18 MP: 1/1
    94 | D:2      | Reached XP level 2. HP: 21/24 MP: 2/2
   397 | D:2      | Found an iron altar of Okawaru.
   405 | D:2      | Became a worshipper of Warmaster Okawaru
   409 | D:2      | Slain by a gnoll

Levels and vault maps discovered:
D:1:      dpeg_arrival_line_fractal, layout_basic, nicolae_ashenzari_panopticon
D:2:      layout_loops_ring, lemuel_coloured_pillars_altar, vehumet_crystals,
          first_ration, kennysheep_generic_room_5, uniq_crazy_yiuf_cottage
D:3:      layout_basic, zin_purify, lemuel_round_altar, ebering_ghost_sewer_f,
          uniq_terence

Action                   || total
-------------------------++-------
Melee: Long sword        ||    59
  Use: Scroll            ||     2
       Potion            ||     1
  Eat: Ration            ||     1
Armor: Scale mail        ||    63
Dodge: Dodged            ||    39
Block: Kite shield       ||    56
       Rpst.: Long sword ||     9

Table legend:
 A = Non-vault XP
 B = Vault XP
 C = Vault XP percentage of total XP
 D = Non-vault monster count
 E = Vault monster count
 F = Vault count percentage of total count
                 A         B        C        D         E       F
            +---------+---------+-------+---------+---------+-------
      Total |      17 |       0 |   0.0 |      10 |       0 |   0.0
            +---------+---------+-------+---------+---------+-------
        D:1 |       4 |       0 |   0.0 |       2 |       0 |   0.0
        D:2 |      13 |       0 |   0.0 |       8 |       0 |   0.0
            +---------+---------+-------+---------+---------+-------
